 Dungeon Crawl Stone Soup version 0.26-a0-818-g75db068ed4 (webtiles) character file.

Game seed: 7267676628329230927

32 marklar909 the Insei (level 3, -2/28 HPs)
             Began as a Draconian Transmuter on Nov 14, 2020.
             Killed from afar by a white imp (13 damage)
             ... with a puff of frost
             ... on level 2 of the Dungeon.
             The game lasted 00:01:07 (1287 turns).

marklar909 the Insei (Draconian Transmuter)         Turns: 1287, Time: 00:01:08

Health: -2/28      AC:  5    Str: 12    XL:     3   Next: 10%
Magic:  6/6        EV: 12    Int: 13    God:
Gold:   19         SH:  0    Dex: 12    Spells: 3/6 levels left

rFire    . . .     SeeInvis .     - Unarmed
rCold    . . .     Faith    .   (no shield)
rNeg     . . .     Spirit   .   (armour unavailable)
rPois    .         Reflect  .   (helmet restricted)
rElec    .         Harm     .   (no cloak)
rCorr    .         Rampage  .   (no gloves)
MR       .....                  (no boots)
Stlth    +.........             (no amulet)
HPRegen  0.09/turn              (no ring)
MPRegen  0.10/turn              (no ring)

@: no status effects
A: unfitting armour, cold-blooded, AC +5
a: no special abilities


You were on level 2 of the Dungeon.
You visited 1 branch of the dungeon, and saw 2 of its levels.

You collected 19 gold pieces.

Inventory:

Scrolls
 b - a scroll of identify {unknown}
 c - a scroll of amnesia {unknown}
 e - a scroll of immolation {unknown}
 f - a scroll of blinking {unknown}
Potions
 a - a potion of magic {unknown}
 d - a potion of curing {unknown}


   Skills:
 + Level 1.1 Fighting
 + Level 2.0 Dodging
 + Level 0.4 Stealth
 + Level 3.5 Unarmed Combat
 + Level 2.3 Spellcasting
 + Level 2.3 Transmutations


You had 3 spell levels left.
You knew the following spells:

 Your Spells              Type           Power        Failure   Level
a - Beastly Appendage     Tmut           #.....       10%         1
b - Wereblood             Tmut           #.......     14%         2

Your spell library contained the following spells:

 Spells                   Type           Power        Failure   Level
 Spider Form              Tmut/Pois      #.........   43%         3
 Ice Form                 Ice/Tmut       #.......     83%         4
 Blade Hands              Tmut           #.........   95%         5


Dungeon Overview and Level Annotations

Branches:
Dungeon (2/15)

Altars:


Innate Abilities, Weirdness & Mutations

Your plain brown scales are hard. (AC +5)
You cannot fit into any form of body armour.
You are cold-blooded and may be slowed by cold attacks.


Message History

A kobold and a white imp come into view.
The white imp shouts, "Despair, thou bawdy limp-willed apple-john!"
The kobold shouts!
You hear an angry hiss.
A bat comes into view.
The white imp gestures at you. The puff of frost hits you!
The bat moves out of view.
There are monsters nearby!
You hit the white imp.
The white imp is lightly wounded.
The white imp gestures at you. The puff of frost hits you!
There are monsters nearby!
There are monsters nearby!
There are monsters nearby!
Unknown command.
Okay, then.
An adder comes into view.
The white imp gestures at you. The puff of frost hits you!
You die...

#.# #.########
#.<.......
########.########
.........#
########.#
########## #.#
.........#######[#
#S.@........#
#5#.#########
#...K#.# #....#.#
......#.#
###....#.#
.....#.# ........#
###...##


You could see an adder (wandering) and a white imp.

Vanquished Creatures
  An ooze (D:1)
  2 giant cockroaches (D:1)
  2 goblins (D:1)
  3 hobgoblins (D:1)
  2 jackals (D:1)
  3 bats (D:1)
  5 frilled lizards
  7 kobolds (D:1)
  3 rats (D:1)
28 creatures vanquished.

Notes
Turn   | Place    | Note
-------+----------+-------------------------------------------
     0 | D:1      | marklar909 the Draconian Transmuter began the quest for the
                  | Orb.
     0 | D:1      | Reached XP level 1. HP: 16/16 MP: 3/3
   110 | D:1      | Reached XP level 2. HP: 21/23 MP: 3/5
   158 | D:1      | Learned a level 2 spell: Wereblood
   869 | D:1      | Reached XP level 3. HP: 25/28 MP: 2/6
  1287 | D:2      | Killed from afar by a white imp

Illustrated notes

Levels and vault maps discovered:
D:1:      psy_arrival_conway, layout_loops_ring, hangedman_feature_mirror,
          minmay_tromino_v7
D:2:      layout_loops_ring, uniq_natasha

Skill      XL: |  1  2 |
---------------+-------+-----
Dodging        | 2 |  2.0
Fighting       | |  1.1
Stealth        | |  0.4
Unarmed Combat | |  3.5
Spellcasting   | |  2.3
Transmutations | |  2.3

Action                   || total
-------------------------++-------
Melee: Unarmed           ||    73
       Kick              ||     5
       Headbutt          ||     8
       Tailslap          ||     3
       Punch             ||     1
 Cast: Beastly Appendage ||    19
       Wereblood         ||    13
Armor: Skin              ||    32
Dodge: Dodged            ||    59

Table legend: (Time is in decaauts)
 A = Elapsed time spent in this place.
 B = Non-inter-level travel time spent in this place.
 C = Inter-level travel time spent in this place.
 D = Time resting spent in this place.
 E = Time spent auto-exploring this place.
 F = Levels seen in this place.
 G = Mean time per level.
                   A        B        C        D        E       F      G
               +--------+--------+--------+--------+--------+-----+--------+
         Total |   1286 |   1263 |     23 |      0 |   1078 |   2 |  643.0 |
       Dungeon |   1286 |   1263 |     23 |      0 |   1078 |   2 |  643.0 |
               +--------+--------+--------+--------+--------+-----+--------+

Top non-repeatable levels by time:
     D:1: 1237 daAuts
     D:2: 48 daAuts
